 Dungeon Sprint DCSS version 0.30-a0-920-g7493c07aab (webtiles) character file.

Game seed: 5752128371289337194

1777 testman the Fighter (level 8, -1/85 HPs)
             Began as a Minotaur Fighter on Mar 21, 2023.
             Was an Initiate of Hepliaklqana.
             Slain by a death drake (6 damage)
             ... in the Dungeon (Sprint II: "The Violet Keep of Menkaure").
             The game lasted 00:09:02 (848 turns).

testman the Fighter (Minotaur Fighter)               Turns: 848, Time: 00:09:03

Health: -1/85      AC: 12    Str: 23    XL:     8   Next: 81%
Magic:  7/7        EV:  9    Int:  5    God:    Hepliaklqana [......]
Gold:   600        SH:  6    Dex: 10    Spells: 7/7 levels left

rFire   . . .      SeeInvis .    a - +0 war axe
rCold   . . .      Faith    .    c - +0 buckler
rNeg    . . .      Spirit   .    b - +0 scale mail
rPois   .          Reflect  .    (helmet restricted)
rElec   .          Rampage  .    k - +2 cloak {Stlth+}
rCorr   .          NoTele   +    (no gloves)
Will    .....                    (no boots)
Stlth   +                        (no amulet)
HPRegen 0.34/turn                (no ring)
MPRegen 0.10/turn                (no ring)

@: lethally poisoned (-1 -> -44), slowed, very slow
A: horns 2, retaliatory headbutt
a: Renounce Religion


You were in the Dungeon.
You worshipped Hepliaklqana.
Hepliaklqana was noncommittal.
You visited 1 branch You collected 810 gold pieces.
You spent 210 gold pieces at shops.

Inventory:

Hand Weapons
 a - a +0 war axe (weapon)
Armour
 b - a +0 scale mail (worn)
 c - a +0 buckler (worn)
 k - a +2 cloak of stealth (worn)
Scrolls
 j - a scroll of blinking
Potions
 d - a potion of might
 e - a potion of curing
 f - a potion of heal wounds
 g - a potion of haste
 h - 2 potions of magic
 i - a potion of berserk rage


   Skills:
 + Level 12.4 Fighting
 + Level 12.1 Axes
 + Level 12.4 Armour
 + Level 12.4 Shields
 + Level 0.0 Invocations


You had 7 spell levels left.
You didn't know any spells.
Your spell library was empty.

Dungeon Overview and Level Annotations

Branches:
Dungeon (1/1)

Altars:
Cheibriados
Dithmenos
Elyvilon
Fedhas
Gozag
Hepliaklqana
Kikubaaqudgha
Makhleb
Nemelex Xobeh
Okawaru
Qazlal
Ru
Sif Muna
Trog
Uskayaw
Vehumet
Wu Jian
Xom
Yredelemnul
Zin
The Shining One
Jiyva
Lugonu

Shops:
D =:!*:?[[=??(?![

Annotations:
D exclusion: oklob plant


Innate Abilities, Weirdness & Mutations

You have a pair of horns on your head.
You reflexively headbutt those who attack you in melee.


Message History

You miss the death drake. You headbutt the death drake.
The death drake is lightly wounded.
You are engulfed in noxious fumes.
The death drake breathes miasma at you. The foul vapour misses you.
You barely miss the death drake.
The death drake is lightly wounded.
You are engulfed in noxious fumes.
You choke on the stench!
You are more confused.
The death drake closely misses you.
The death drake attacks as you move away!
The death drake closely misses you. The death drake breathes miasma at you.
The foul vapour engulfs you.
You are poisoned.
You are engulfed in dark miasma.
You are more poisoned.
You feel extremely sick.
The death drake bites you but does no damage. x2
You are engulfed in dark miasma.
You are more poisoned.
You feel yourself slow down.
You feel extremely sick.
The death drake bites you but does no damage.
The death drake attacks as you move away!
The death drake barely misses you.
You feel less confused.
You feel extremely sick. The death drake breathes miasma at you.
The foul vapour engulfs you!
You are lethally poisoned!
You hit the death drake. Your headbutt misses the death drake.
The death drake is moderately wounded.
You hit the death drake but do no damage.
You are engulfed in dark miasma.
You are more poisoned.
* * * LOW HITPOINT WARNING * * *
x2 You feel extremely sick.
The death drake bites you.
You die... ≈.§≈≈..≈≈## .≈§§z..°.≈# +# ≈.≈zzzz≈. ...### # zzzz≈

....# #+++#+++## ...# ##
.........# .°# .# ~.##'##..#
#°# k# ~##...##.#### +°##k#
~#..#..#....# #@k°# ##
###.#.####..## ##k°# .# )?$
.###†## .##..# +°°# .#▓?$!)!
..##.##B..#..# #..# .#▓)?$=$$
#.'.<.+# +†.####..##.#▓?[??[!
####.##B..#....###...##▓▓▓▓▓▓▓
.# #'# .##......~~~~~~~~~~~~~
####.### #~~..§§.~#)########+#
~#..#..#~~~§~~~§.~#†._._._.#§§


You could see 2 death drakes and a swamp drake.

Vanquished Creatures
  A yaktaur (D)
  3 polar bears (D)
  A hornet (D)
  Menkaure (D)
  A water moccasin (D)
  4 necrophages (D)
  4 scorpions (D)
  3 worms (D)
18 creatures vanquished.

Notes
Turn   | Place    | Note
-------+----------+-------------------------------------------
     0 | D        | testman the Minotaur Fighter began the quest for the Orb.
     0 | D        | Reached XP level 1. HP: 19/19 MP: 0/0
   189 | D        | Found Faapp's Magic Scroll Emporium.
   189 | D        | Found Rirghog's Armour Emporium.
   189 | D        | Found Ulutyos's Jewellery Shoppe.
   189 | D        | Found Hacvack's Antique Weapon Shoppe.
   189 | D        | Found Xamix's Distillery.
   189 | D        | Found Eneicewi's Antique Armour Emporium.
   189 | D        | Found Uphoh's Magic Scroll Emporium.
   189 | D        | Found Osuf's Antique Armour Shoppe.
   192 | D        | Reached XP level 2. HP: 28/28 MP: 1/1
   196 | D        | Found Itutwag's Magic Scroll Shoppe.
   196 | D        | Found Uvviopt's Book Shoppe.
   197 | D        | Found Alibyleq's Magic Scroll Emporium.
   197 | D        | Noticed Menkaure
   209 | D        | Killed Menkaure
   210 | D        | Reached XP level 3. HP: 22/38 MP: 2/2
   210 | D        | Reached XP level 4. HP: 26/45 MP: 3/3
   243 | D        | Noticed a water moccasin
   283 | D        | Found Asopeum's Assorted Antiques.
   283 | D        | Found Tuipriudus's Distillery.
   283 | D        | Noticed an ice dragon
   283 | D        | Noticed an oklob plant
   283 | D        | Noticed a hell hog
   284 | D        | Found Kaock's Jewellery Shoppe.
   284 | D        | Found Unacw's Book Shoppe.
   284 | D        | Noticed a hell hog
   288 | D        | Noticed a water moccasin
   288 | D        | Noticed a water moccasin
   288 | D        | Noticed a water moccasin
   313 | D        | Bought a runed cloak for 210 gold pieces
   331 | D        | Noticed a scorpion
   331 | D        | Noticed a scorpion
   336 | D        | Killed a scorpion
   337 | D        | Reached XP level 5. HP: 50/52 MP: 4/4
   350 | D        | Reached XP level 6. HP: 27/62 MP: 5/5
   481 | D        | Noticed a boulder beetle
   481 | D        | Noticed a boulder beetle
   599 | D        | Reached XP level 7. HP: 71/71 MP: 6/6
   601 | D        | Reached skill level 10 in Fighting
   601 | D        | Reached skill level 10 in Armour
   601 | D        | Reached skill level 10 in Shields
   606 | D        | Noticed a flying skull
   606 | D        | Noticed a flying skull
   606 | D        | Noticed a flying skull
   606 | D        | Noticed a flying skull
   607 | D        | Noticed a flying skull
   607 | D        | Noticed a flying skull
   607 | D        | Noticed a flying skull
   607 | D        | Noticed a flying skull
   607 | D        | Noticed a flying skull
   607 | D        | Noticed a flying skull
   608 | D        | Noticed a flying skull
   609 | D        | Noticed a flying skull
   624 | D        | Reached skill level 10 in Axes
   626 | D        | Found a hazy altar of Hepliaklqana.
   626 | D        | Found a snail-covered altar of Cheibriados.
   627 | D        | Found a stormy altar of Qazlal.
   627 | D        | Found a viscous altar of Jiyva.
   627 | D        | Found a shadowy altar of Dithmenos.
   628 | D        | Found a sacrificial altar of Ru.
   628 | D        | Found an ancient bone altar of Kikubaaqudgha.
   628 | D        | Found a white marble altar of Elyvilon.
   629 | D        | Found an ornate altar of the Wu Jian Council.
   629 | D        | Found a shimmering blue altar of Sif Muna.
   629 | D        | Found a corrupted altar of Lugonu.
   630 | D        | Found a shimmering altar of Xom.
   630 | D        | Found a bloodstained altar of Trog.
   630 | D        | Found a burning altar of Makhleb.
   631 | D        | Found a glowing golden altar of the Shining One.
   631 | D        | Found a basalt altar of Yredelemnul.
   631 | D        | Found a hide-covered altar of Uskayaw.
   632 | D        | Found a glowing silver altar of Zin.
   632 | D        | Found a radiant altar of Vehumet.
   632 | D        | Noticed a polar bear
   632 | D        | Noticed a polar bear
   632 | D        | Noticed a polar bear
   634 | D        | Found a blossoming altar of Fedhas.
   634 | D        | Found a sparkling altar of Nemelex Xobeh.
   634 | D        | Noticed a hornet
   635 | D        | Noticed a yaktaur
   636 | D        | Found an opulent altar of Gozag.
   636 | D        | Found an iron altar of Okawaru.
   640 | D        | Killed a polar bear
   642 | D        | Killed a hornet
   643 | D        | Reached XP level 8. HP: 36/82 MP: 7/7
   646 | D        | Killed a polar bear
   651 | D        | Killed a yaktaur
   652 | D        | Killed a polar bear
   657 | D        | Became a worshipper of Hepliaklqana the Forgotten
   837 | D        | Noticed a death drake
   839 | D        | Noticed a death drake
   848 | D        | Slain by a death drake

Illustrated notes

Levels and vault maps discovered:
D:        the_violet_keep_of_menkaure [sprint2_stairs_cluster_1,
          sprint2_shoproom, sprint2_temple, sprint2_basic_supplies,
          sprint2_obstacle_7, sprint2_obstacle_6, sprint2_obstacle_1,
          sprint2_obstacle_3, sprint2_obstacle_4, sprint2_timed_cluster_1,
          sprint2_smallroom_cluster_1, sprint2_smallroom_final_cluster_1,
          sprint2_transparent_cluster_1, sprint2_second_timed_cluster_1,
          sprint2_sniper_area_1, sprint2_heavy_combat_area_1,
          sprint2_mutation_trap_area_1, sprint2_forest_area_1,
          sprint2_light_combat_area_1, sprint2_behind_water_1,
          sprint2_near_end_vault_1]

Skill      XL: |  1  2  3  4  5  6  7  8 |
---------------+-------------------------+-----
Fighting       | 4 6 7 8 9 11 12 | 12.4
Axes           | 3 6 7 8 9 10 12 | 12.1
Armour         | 4 6 7 8 9 11 12 | 12.4
Shields        | 4 6 7 8 9 11 12 | 12.4

Action                     |  1- 3 |  4- 6 |  7- 9 || total
---------------------------+-------+-------+-------++-------
  Melee: War axe           |    13 |    35 |    25 ||    73
         Headbutt          |     4 |     8 |     8 ||    20
 Armour: Scale mail        |     2 |    11 |    22 ||    35
  Dodge: Dodged            |     3 |    15 |    19 ||    37
  Block: Buckler           |     3 |     5 |    13 ||    21

Table legend: (Time is in decaauts)
 A = Elapsed time spent in this place.
 B = Non-inter-level travel time spent in this place.
 C = Inter-level travel time spent in this place.
 D = Time resting spent in this place.
 E = Time spent auto-exploring this place.
 F = Levels seen in this place.
 G = Mean time per level.
                   A        B        C        D        E       F      G
               +--------+--------+--------+--------+--------+-----+--------+
         Total |    863 |    857 |      6 |    627 |      0 |   1 |  863.0 |
       Dungeon |    863 |    857 |      6 |    627 |      0 |   1 |  863.0 |
               +--------+--------+--------+--------+--------+-----+--------+

Top non-repeatable levels by time:
       D: 863 daAuts
